[ AOE2 MATCH · #504936289 ]
UnrankedMapuche vs Tupi
Player's team · WIN
Rival team · LOSS
[ REPLAY ANALYSIS · EXTRACTED FROM THE RECORDED GAME ]
Feudal
9:24
Castle
18:48
Imperial
—
| APM avg | 123.5 |
| APM peak | 173 |
| eAPM avg | 62.3 |
| Villagers / military | 127 / 29 |
Focus
⚔️ 63.9% · 🌾 36.1%
Bolas Rider ×25 · Unknown (2550) ×7 · Archer ×4
Feudal
11:26
Castle
22:26
Imperial
—
| APM avg | 53.2 |
| APM peak | 73 |
| eAPM avg | 25.1 |
| Villagers / military | 62 / 2 |
Focus
⚔️ 41.2% · 🌾 58.8%
Unknown (2550) ×26 · Mangonel ×2
Match map
Initial resources + every placement click. Lines = walls · curves = elevation contours. ◆ gold · ⬟ stone · ● berries · ✦ relic · ◌ wall gap
Your base· Open — 6t gap
2099's base· Open — 5t gap
Smoothed initial terrain · ◌ = detected wall gap · hover for details
Inputs per minute
— ldx - - 2099
Build order — ldx
First 150 of 250 actions detected
| 0:00 | Queue | Villager (Male) |
| 0:00 | Queue | Villager (Male) |
| 0:01 | Build | House |
| 0:02 | Build | House |
| 0:18 | Queue | Villager (Male) |
| 0:25 | Queue | Villager (Male) |
| 1:29 | Queue | Villager (Male) |
| 1:57 | Build | Settlement |
| 1:59 | Queue | Villager (Male) |
| 1:59 | Queue | Villager (Male) |
| 2:02 | Queue | Villager (Male) |
| 3:18 | Queue | Villager (Male) |
| 3:20 | Queue | Villager (Male) |
| 3:25 | Queue | Villager (Male) |
| 3:55 | Queue | Villager (Male) |
| 4:00 | Queue | Villager (Male) |
| 4:32 | Queue | Villager (Male) |
| 5:53 | Build | Barracks |
| 5:58 | Queue | Villager (Male) |
| 5:59 | Research | Loom |
| 6:01 | Queue | Villager (Male) |
| 6:06 | Build | Palisade Wall |
| 6:07 | Queue | Villager (Male) |
| 6:08 | Build | Palisade Wall |
| 6:32 | Build | House |
| 7:14 | Research | Feudal Age |
| 7:23 | Build | Settlement |
| 7:58 | Queue | Unit 2550 |
| 8:26 | Queue | Unit 2550 |
| 8:36 | Queue | Villager (Male) |
| 9:06 | Queue | Unit 2550 |
| 9:12 | Build | House |
| 9:20 | Queue | Villager (Male) |
| 9:24 | Age | Feudal Age |
| 9:28 | Research | Tech 1402 |
| 9:31 | Queue | Villager (Male) |
| 9:31 | Queue | Villager (Male) |
| 9:37 | Queue | Villager (Male) |
| 9:52 | Research | Double-Bit Axe |
| 9:52 | Research | Double-Bit Axe |
| 9:55 | Queue | Villager (Male) |
| 9:57 | Queue | Villager (Male) |
| 10:04 | Build | Farm |
| 10:10 | Queue | Villager (Male) |
| 10:21 | Queue | Villager (Male) |
| 10:32 | Queue | Villager (Male) |
| 10:56 | Queue | Villager (Male) |
| 11:02 | Build | Farm |
| 11:12 | Build | Farm |
| 11:13 | Build | Farm |
| 11:23 | Queue | Villager (Male) |
| 11:23 | Queue | Villager (Male) |
| 11:46 | Queue | Villager (Male) |
| 11:50 | Queue | Villager (Male) |
| 11:51 | Queue | Villager (Male) |
| 11:53 | Queue | Villager (Male) |
| 11:55 | Build | Archery Range |
| 11:59 | Queue | Villager (Male) |
| 12:01 | Build | Farm |
| 12:02 | Queue | Villager (Male) |
| 12:04 | Queue | Villager (Male) |
| 12:08 | Queue | Unit 2550 |
| 12:20 | Queue | Villager (Male) |
| 12:22 | Build | Farm |
| 12:24 | Queue | Villager (Male) |
| 12:25 | Queue | Villager (Male) |
| 12:32 | Queue | Villager (Male) |
| 12:36 | Queue | Villager (Male) |
| 12:39 | Build | House |
| 12:41 | Queue | Villager (Male) |
| 12:50 | Queue | Unit 2550 |
| 12:52 | Queue | Villager (Male) |
| 12:57 | Queue | Archer |
| 13:02 | Queue | Villager (Male) |
| 13:06 | Queue | Villager (Male) |
| 13:07 | Build | Farm |
| 13:08 | Queue | Villager (Male) |
| 13:32 | Queue | Villager (Male) |
| 13:33 | Build | Farm |
| 13:33 | Build | Farm |
| 13:34 | Queue | Villager (Male) |
| 13:53 | Queue | Villager (Male) |
| 13:55 | Build | Farm |
| 13:55 | Queue | Villager (Male) |
| 14:00 | Queue | Unit 2550 |
| 14:01 | Queue | Villager (Male) |
| 14:02 | Queue | Villager (Male) |
| 14:31 | Queue | Villager (Male) |
| 14:49 | Queue | Unit 2550 |
| 14:54 | Queue | Villager (Male) |
| 14:54 | Queue | Villager (Male) |
| 14:55 | Build | Farm |
| 14:57 | Queue | Villager (Male) |
| 15:00 | Build | Market |
| 15:02 | Queue | Villager (Male) |
| 15:03 | Queue | Villager (Male) |
| 15:04 | Queue | Villager (Male) |
| 15:06 | Build | Palisade Wall |
| 15:09 | Queue | Villager (Male) |
| 15:12 | Queue | Villager (Male) |
| 15:13 | Queue | Villager (Male) |
| 15:15 | Queue | Villager (Male) |
| 15:18 | Build | House |
| 15:24 | Queue | Villager (Male) |
| 15:30 | Queue | Villager (Male) |
| 15:34 | Build | House |
| 15:36 | Build | Palisade Wall |
| 15:37 | Build | Palisade Wall |
| 15:38 | Build | Palisade Wall |
| 16:00 | Build | Palisade Wall |
| 16:01 | Build | House |
| 16:08 | Research | Castle Age |
| 16:08 | Research | Castle Age |
| 16:12 | Queue | Villager (Male) |
| 16:16 | Build | Palisade Gate |
| 16:18 | Build | Palisade Wall |
| 16:22 | Queue | Villager (Male) |
| 16:32 | Queue | Villager (Male) |
| 16:32 | Queue | Villager (Male) |
| 16:45 | Queue | Archer |
| 16:55 | Build | Archery Range |
| 16:58 | Queue | Villager (Male) |
| 17:11 | Queue | Villager (Male) |
| 17:18 | Queue | Villager (Male) |
| 17:23 | Build | Settlement |
| 17:25 | Queue | Villager (Male) |
| 17:29 | Build | Palisade Wall |
| 17:33 | Queue | Archer |
| 17:51 | Queue | Villager (Male) |
| 17:58 | Queue | Villager (Male) |
| 18:02 | Queue | Villager (Male) |
| 18:03 | Queue | Villager (Male) |
| 18:05 | Build | Blacksmith |
| 18:06 | Queue | Villager (Male) |
| 18:08 | Queue | Villager (Male) |
| 18:10 | Queue | Villager (Male) |
| 18:30 | Build | Palisade Wall |
| 18:36 | Build | Palisade Wall |
| 18:37 | Queue | Villager (Male) |
| 18:39 | Build | Palisade Wall |
| 18:40 | Queue | Villager (Male) |
| 18:40 | Queue | Villager (Male) |
| 18:41 | Build | House |
| 18:42 | Build | House |
| 18:43 | Build | Palisade Wall |
| 18:44 | Build | Palisade Wall |
| 18:45 | Queue | Villager (Male) |
| 18:48 | Age | Castle Age |
| 18:50 | Queue | Archer |
| 18:52 | Queue | Bolas Rider |
Build order — 2099
First 150 of 162 actions detected
| 0:01 | Queue | Villager (Male) |
| 0:01 | Queue | Villager (Male) |
| 0:01 | Queue | Villager (Male) |
| 0:02 | Queue | Villager (Male) |
| 0:02 | Build | House |
| 0:05 | Build | Barracks |
| 0:19 | Build | House |
| 0:58 | Queue | Villager (Male) |
| 0:58 | Queue | Villager (Male) |
| 1:36 | Queue | Unit 2550 |
| 1:36 | Queue | Unit 2550 |
| 2:07 | Queue | Villager (Male) |
| 2:31 | Queue | Villager (Male) |
| 2:51 | Queue | Unit 2550 |
| 2:55 | Queue | Villager (Male) |
| 2:55 | Queue | Villager (Male) |
| 3:12 | Build | House |
| 3:14 | Queue | Villager (Male) |
| 3:30 | Queue | Villager (Male) |
| 3:50 | Queue | Unit 2550 |
| 4:04 | Queue | Villager (Male) |
| 4:31 | Build | Outpost |
| 4:37 | Queue | Villager (Male) |
| 4:55 | Queue | Villager (Male) |
| 5:03 | Queue | Villager (Male) |
| 5:17 | Queue | Unit 2550 |
| 5:28 | Build | Settlement |
| 5:43 | Queue | Villager (Male) |
| 5:44 | Queue | Villager (Male) |
| 5:55 | Queue | Villager (Male) |
| 6:00 | Queue | Villager (Male) |
| 6:05 | Queue | Villager (Male) |
| 6:26 | Build | House |
| 6:29 | Queue | Villager (Male) |
| 6:54 | Queue | Villager (Male) |
| 7:01 | Queue | Villager (Male) |
| 7:37 | Build | Settlement |
| 7:41 | Queue | Villager (Male) |
| 7:55 | Queue | Villager (Male) |
| 8:02 | Build | Farm |
| 8:42 | Research | Loom |
| 9:16 | Research | Feudal Age |
| 9:51 | Queue | Unit 2550 |
| 10:51 | Queue | Villager (Male) |
| 11:08 | Queue | Unit 2550 |
| 11:13 | Build | Barracks |
| 11:16 | Build | House |
| 11:20 | Build | Palisade Wall |
| 11:21 | Build | Palisade Wall |
| 11:23 | Queue | Villager (Male) |
| 11:25 | Queue | Unit 2550 |
| 11:26 | Age | Feudal Age |
| 11:29 | Build | Palisade Wall |
| 11:35 | Research | Tech 1402 |
| 11:35 | Research | Tech 1402 |
| 11:44 | Build | House |
| 11:45 | Queue | Villager (Male) |
| 11:49 | Queue | Villager (Male) |
| 11:52 | Queue | Villager (Male) |
| 11:53 | Build | Farm |
| 12:21 | Build | Farm |
| 12:26 | Research | Double-Bit Axe |
| 12:26 | Research | Double-Bit Axe |
| 12:31 | Queue | Villager (Male) |
| 12:40 | Build | Farm |
| 12:43 | Queue | Villager (Male) |
| 12:46 | Build | Farm |
| 13:05 | Queue | Unit 2550 |
| 13:13 | Build | Settlement |
| 13:24 | Queue | Unit 2550 |
| 13:35 | Build | Farm |
| 13:52 | Queue | Unit 2550 |
| 13:52 | Queue | Unit 2550 |
| 13:59 | Queue | Villager (Male) |
| 14:02 | Build | Farm |
| 14:05 | Queue | Unit 2550 |
| 14:10 | Build | Farm |
| 14:11 | Build | Farm |
| 14:31 | Queue | Unit 2550 |
| 14:31 | Queue | Unit 2550 |
| 14:44 | Queue | Villager (Male) |
| 14:55 | Queue | Villager (Male) |
| 14:57 | Build | Farm |
| 14:59 | Queue | Villager (Male) |
| 15:06 | Build | Farm |
| 15:21 | Build | House |
| 15:21 | Build | House |
| 15:22 | Queue | Unit 2550 |
| 15:27 | Build | House |
| 15:28 | Build | Palisade Wall |
| 15:29 | Queue | Unit 2550 |
| 15:40 | Build | Blacksmith |
| 16:00 | Queue | Villager (Male) |
| 16:02 | Queue | Unit 2550 |
| 16:06 | Build | Farm |
| 16:19 | Queue | Villager (Male) |
| 16:23 | Queue | Villager (Male) |
| 16:27 | Build | Watch Tower |
| 16:34 | Research | Arson |
| 16:34 | Research | Arson |
| 16:38 | Queue | Villager (Male) |
| 16:45 | Queue | Unit 2550 |
| 16:59 | Build | Farm |
| 16:59 | Build | Farm |
| 16:59 | Build | Farm |
| 17:09 | Build | Farm |
| 17:21 | Queue | Villager (Male) |
| 17:30 | Queue | Villager (Male) |
| 17:34 | Build | Farm |
| 17:45 | Research | Horse Collar |
| 17:55 | Queue | Villager (Male) |
| 18:29 | Queue | Villager (Male) |
| 18:33 | Build | Market |
| 18:58 | Queue | Villager (Male) |
| 19:46 | Research | Castle Age |
| 19:46 | Research | Castle Age |
| 20:10 | Research | Scale Mail Armor |
| 20:10 | Research | Scale Mail Armor |
| 20:16 | Build | Barracks |
| 20:17 | Build | House |
| 20:24 | Build | Palisade Gate |
| 20:43 | Queue | Unit 2550 |
| 20:43 | Queue | Unit 2550 |
| 20:51 | Queue | Villager (Male) |
| 20:55 | Build | Palisade Wall |
| 21:08 | Research | Gold Mining |
| 21:08 | Research | Gold Mining |
| 21:10 | Queue | Unit 2550 |
| 21:10 | Queue | Unit 2550 |
| 21:25 | Queue | Unit 2550 |
| 21:38 | Build | Watch Tower |
| 21:44 | Queue | Unit 2550 |
| 21:49 | Build | Farm |
| 22:26 | Build | House |
| 22:26 | Age | Castle Age |
| 22:31 | Queue | Villager (Male) |
| 22:34 | Build | Siege Workshop |
| 23:00 | Research | Squires |
| 23:03 | Research | Tech 1351 |
| 23:21 | Queue | Villager (Male) |
| 23:50 | Queue | Villager (Male) |
| 23:53 | Queue | Villager (Male) |
| 24:06 | Queue | Villager (Male) |
| 24:07 | Queue | Villager (Male) |
| 24:27 | Queue | Mangonel |
| 24:27 | Queue | Mangonel |
| 24:45 | Build | Watch Tower |
| 24:59 | Build | Farm |
| 25:02 | Queue | Villager (Male) |
| 25:08 | Queue | Villager (Male) |
Match timeline
| 0:05 | 2099 · first_building Barracks |
| 5:53 | ldx · first_building Barracks |
| 6:06 | ldx · wall_segment Palisade Wall x1 |
| 6:08 | ldx · wall_segment Palisade Wall x1 |
| 9:24 | ldx · age_up feudal |
| 11:20 | 2099 · wall_segment Palisade Wall x1 |
| 11:21 | 2099 · wall_segment Palisade Wall x3 |
| 11:26 | 2099 · age_up feudal |
| 11:29 | 2099 · wall_segment Palisade Wall x1 |
| 11:55 | ldx · first_building Archery Range |
| 15:06 | ldx · wall_segment Palisade Wall x1 |
| 15:28 | 2099 · wall_segment Palisade Wall x2 |
| 15:36 | ldx · wall_segment Palisade Wall x1 |
| 15:37 | ldx · wall_segment Palisade Wall x1 |
| 15:38 | ldx · wall_segment Palisade Wall x1 |
| 15:53 | ldx · first_market_sell 100 wood |
| 16:00 | ldx · wall_segment Palisade Wall x3 |
| 16:18 | ldx · wall_segment Palisade Wall x1 |
| 17:29 | ldx · wall_segment Palisade Wall x1 |
| 18:30 | ldx · wall_segment Palisade Wall x1 |
| 18:36 | ldx · wall_segment Palisade Wall x1 |
| 18:39 | ldx · wall_segment Palisade Wall x1 |
| 18:43 | ldx · wall_segment Palisade Wall x1 |
| 18:44 | ldx · wall_segment Palisade Wall x1 |
| 18:48 | ldx · age_up castle |
| 18:54 | ldx · wall_segment Palisade Wall x1 |
| 19:37 | 2099 · first_market_buy 100 food |
| 19:41 | 2099 · first_market_sell 100 stone |
| 20:55 | 2099 · wall_segment Palisade Wall x15 |
| 22:26 | 2099 · age_up castle |
| 22:34 | 2099 · first_building Siege Workshop |
| 27:00 | 2099 · resign |
[ AI ANALYSIS · 1 CREDIT ]
What really happened in this match?
Wolo.gg analyzes every decision: build order, eco, micro, common mistakes by bracket. Personalized analysis on WhatsApp or Discord in 30 seconds.
Civ guide
Mapuche
Perfil
Jugador #21516070